Map: Mundo Adormecido LE

Players

Jamm

  • Race: Zerg Zerg
  • League: Diamond
  • Spawn Location: 7:00

LowLinK - Winner!

  • Race: Protoss Protoss
  • League: Diamond
  • Spawn Location: 1:00

VOD

Have the link to the VOD?

Description

Time

  • Played on: Feb. 20, 2020, 12:33 p.m.
  • Length: 5:55
Show
View Real Time Build Order
Export as new Build Order

Jamm Zerg 

Build Orders: Hatch First 

Get SALT Encoding   

  12  2:35  Drone x2  
  14  2:39  Hatchery  
  14  2:40  Spawning Pool  
  14  2:41  Extractor  
  11  2:50  Hatchery  
  10  2:57  Drone, Overlord  
  10  2:58  Drone  
  12  3:03  Hatchery  
  11  3:09  Drone  
  12  3:23  Drone  
  13  3:30  Drone  
  14  3:41  Drone  
  15  3:54  Queen x2  
  19  3:58  Metabolic Boost  
  19  4:07  Queen  
  21  4:15  Zergling x16  
  29  4:19  Queen  
  31  4:35  Baneling Nest  
  30  4:38  Drone  
  30  4:39  Drone x3  
  34  4:55  Zergling x6  
  34  4:56  Zergling x2  
  35  5:08  Zergling x2  
  35  5:09  Zergling x2  
Show
View Real Time Build Order
Export as new Build Order

LowLinK Protoss - Winner!

Build Orders: Zealot Archon 

Get SALT Encoding   

  12  0:00  Probe  
  13  0:13  Probe  
  14  0:17  Pylon  
  14  0:26  Probe (Chrono Boost)  
  15  0:35  Gateway  
  15  0:38  Probe (Chrono Boost)  
  16  0:47  Probe (Chrono Boost), Assimilator  
  17  0:53  Probe  
  17  0:56  Assimilator  
  18  1:05  Probe  
  19  1:17  Probe  
  20  1:23  Pylon  
  20  1:24  Cybernetics Core  
  20  1:29  Probe  
  21  1:41  Probe  
  21  1:44  Forge  
  22  1:53  Probe  
  23  2:01  Warp Gate  
  23  2:02  Gateway, Pylon  
  23  2:16  Twilight Council  
  23  2:19  Protoss Ground Weapons Level 1 (Chrono Boost)  
  23  2:21  Gateway  
  23  2:38  Gateway  
  23  2:50  Charge (Chrono Boost)  
  23  2:51  Gateway  
  23  3:06  Adept  
  25  3:12  Pylon  
  25  3:27  Templar Archives  
  25  3:30  Pylon  
  25  3:35  Pylon  
  25  3:49  Zealot x3  
  31  3:59  Zealot  
  31  4:01  Zealot  
  35  4:11  Zealot  
  35  4:16  Adept  
  39  4:18  High Templar  
  39  4:22  High Templar  
  43  4:26  Archon  
  43  4:31  Zealot  
  45  4:36  Zealot  
  47  4:50  Zealot x2  
  51  5:12  High Templar  
  51  5:13  Zealot x3  
  59  5:26  High Templar  
  61  5:41  Zealot  
Tags
 
Add a new tag
Caveats
  • Supply blocks, unpowered buildings, or Contaminate may cause inaccurate times.
  • Supply counts are checked every 10 seconds.